 Dungeon Crawl Stone Soup version 0.25.1-2-g60ff931df9 (console) character file.

Game seed: 10605225265283769537

33 Colgate the Magician (level 3, 19/19 HPs)
             Began as a Deep Elf Wanderer on Aug 26, 2020.
             Quit the game on level 2 of the Dungeon.
             The game lasted 00:22:36 (1225 turns).

Colgate the Magician (Deep Elf Wanderer)            Turns: 1225, Time: 00:22:37

Health: 19/19      AC:  2    Str:  8    XL:     3   Next: 12%
Magic:  7/13       EV: 11    Int: 16    God:
Gold:   40         SH:  0    Dex: 16    Spells: 12/16 levels left

rFire    . . .     SeeInvis .   k - +0 whip
rCold    . . .     Gourm    .   (no shield)
rNeg     . . .     Faith    .   d - +0 robe
rPois    .         Spirit   .   (no helmet)
rElec    .         Reflect  .   (no cloak)
rCorr    .         Harm     .   (no gloves)
MR       .....                  (no boots)
Stlth    +.........             (no amulet)
HPRegen  0.06/turn              (no ring)
MPRegen  0.13/turn              (no ring)

@: no status effects
A: no striking features
a: no special abilities


You were on level 2 of the Dungeon.
You were not hungry.

You visited 1 branch of the dungeon, and saw 2 of its levels.

You collected 40 gold pieces.

Inventory:

Hand Weapons
 a - a +0 dagger
 k - a +0 whip (weapon)
Missiles
 g - 16 arrows
 n - 34 stones (quivered)
Armour
 d - a +0 robe (worn)
 e - a +0 leather armour
Scrolls
 b - a scroll of identify {unknown}
 c - a scroll of enchant weapon {unknown}
 l - a scroll of enchant armour {unknown}
Potions
 i - a potion of lignification {unknown}
 j - a potion of curing {unknown}
 m - a potion of flight {unknown}
Comestibles
 f - 2 rations
 h - 3 chunks of flesh


   Skills:
 - Level 7.0 Spellcasting
 + Level 1.0 Conjurations
 - Level 1.3 Hexes
 - Level 3.0 Air Magic
   Level 2.1 Evocations


You had 12 spell levels left.
You knew the following spells:

 Your Spells              Type           Power        Failure   Level  Hunger
a - Shock                 Conj/Air       ##..         5%          1    None
b - Slow                  Hex            #.......     11%         2    None
c - Sandblast             Erth           #.....       12%         1    None

Your spell library contained the following spells:

 Spells                   Type           Power        Failure   Level  Hunger
 Magic Dart               Conj           #...         9%          1    None
 Static Discharge         Conj/Air       ##......     16%         3    ##.....
 Blink                    Tloc           N/A          19%         2    None
 Call Imp                 Summ           #.......     19%         2    None
 Mephitic Cloud           Conj/Pois/Air  #.......     22%         3    ##.....
 Conjure Flame            Conj/Fire      #.......     30%         3    ##.....
 Stone Arrow              Conj/Erth      #.....       30%         3    ##.....


Dungeon Overview and Level Annotations

Branches:
Dungeon (2/15)

Altars:


Message History

Aim: an adder (heavily wounded)
The zap hits the adder.
The adder is almost dead.
A rat comes into view.
Casting: Shock (safe; 5% risk of failure)
Confirm with . or Enter, or press ? or * to list all spells.
Aiming: Shock (safe; 5% risk of failure)
Press: ? - help, Shift-Dir - straight line, f/p - adder
Aim: an adder (almost dead)
The zap misses the adder.
The zap misses the rat.
The bat barely misses you. x2
Casting: Shock (safe; 5% risk of failure)
Confirm with . or Enter, or press ? or * to list all spells.
Aiming: Shock (safe; 5% risk of failure)
Press: ? - help, Shift-Dir - straight line, f/p - adder
Aim: an adder (almost dead)
The zap misses the adder.
The zap hits the rat.
You kill the rat!
Your Conjurations skill increases to level 1!
The bat closely misses you.
Are you sure you want to abandon this character and quit the game? (Confirm with "yes".)

...... #....
####....
##....r..
........####
...........
.......S.#
.......@.#####...
.....b...<....!.#
...)...l.###..###
.......$.. ..#
?.$......!# .
......?..##
##..#.#..#
##...#..#
.....)..


You could see an adder, a bat, a frilled lizard and a rat.

Vanquished Creatures
  3 dart slugs (D:1)
  A leopard gecko (D:1)
  3 giant cockroaches (D:1)
  4 goblins (D:1)
  3 hobgoblins (D:1)
  2 jackals (D:1)
  3 kobolds
  A bat (D:1)
  4 rats
24 creatures vanquished.

Notes
Turn   | Place    | Note
-------+----------+-------------------------------------------
     0 | D:1      | Colgate the Deep Elf Wanderer began the quest for the Orb.
     0 | D:1      | Colgate set off with the following items: a +0 dagger, a +0
                  | robe, a ration; and the following spells available to
                  | memorise: Shock, Slow, Magic Dart, Sandblast, Blink, Call
                  | Imp, Static Discharge, Mephitic Cloud, Conjure Flame, Stone
                  | Arrow
     0 | D:1      | Reached XP level 1. HP: 10/10 MP: 9/9
     2 | D:1      | Learned a level 1 spell: Shock
   179 | D:1      | Reached skill level 6 in Spellcasting
   333 | D:1      | Reached XP level 2. HP: 11/15 MP: 2/11
   340 | D:1      | Learned a level 2 spell: Slow
   769 | D:1      | Learned a level 1 spell: Sandblast
   839 | D:1      | Reached skill level 7 in Spellcasting
  1022 | D:1      | Reached XP level 3. HP: 19/19 MP: 9/13
  1224 | D:2      | Reached skill level 1 in Conjurations
  1225 | D:2      | Quit the game

Illustrated notes

Levels and vault maps discovered:
D:1:      elethiomel_arrival_maze, layout_basic, minmay_tree_intersection
D:2:      cheibrodos_pilgrimage, layout_rooms, nicolae_overflow_crystal_walls

Skill      XL: |  1  2  3 |
---------------+----------+-----
Spellcasting   | 6 7 |  7.0
Conjurations   | 1 |  1.0
Hexes          | |  1.3
Air Magic      | |  3.0
Evocations     | |  2.1

Action                   || total
-------------------------++-------
 Cast: Shock             ||    64
       Slow              ||     1
       Sandblast         ||     2
  Eat: Chunk             ||     1
Dodge: Dodged            ||     9
